Construct Weapon Support Center
Selects Airborne Battlegroup
Selects Smoke Bombing Run
Selects Paratrooper Squad Paradrop
Construct Medical Station
Construct Medical Station
Paratrooper Squad Paradrop
Selects Anti-tank Gun Team Paradrop
Paratrooper Squad Paradrop
Selects Dual P-47 Rocket Strike
Anti-tank Gun Team Paradrop
Anti-tank Gun Team Paradrop
Anti-tank Gun Team Paradrop
Paratrooper Squad Paradrop
Anti-tank Gun Team Paradrop
M18 Hellcat Tank Destroyer